 Dungeon Crawl Stone Soup version 0.31-a0-152-g6aa68a64a1 (webtiles) character file.

Game seed: 12814639231684188338

94 qw the Shooter (level 4, 0/38 HPs)
             Began as a Minotaur Hunter on June 9, 2023.
             Slain by a river rat (4 damage)
             ... in a sewer.
             The game lasted 00:00:25 (1077 turns).

qw the Shooter (Minotaur Hunter)                    Turns: 1077, Time: 00:00:26

Health: 0/38       AC:  2    Str: 16    XL:     4   Next: 38%
Magic:  3/3        EV: 11    Int:  6    God:
Gold:   49         SH:  0    Dex: 21    Spells: 3/3 levels left

rFire   . . .        Y - +1 shortbow
rCold   . . .        (shield currently unavailable)
rNeg    . . .        g - +0 ring mail
rPois   .            (helmet restricted)
rElec   .            (no cloak)
rCorr   .            (no gloves)
SInv    .            (no boots)
Will    .....        (no amulet)
Stlth   +            f - +6 ring of dexterity
HPRegen 0.26/turn    (no ring)
MPRegen 0.08/turn

%: no passive effects
@: no status effects
A: horns 2, retaliatory headbutt, talons 1, deformed body, MP-powered wands
a: no special abilities


You were in a sewer.
You visited 1 branch of the dungeon, and saw 3 of its levels.
You also visited: Sewer.

You collected 49 gold pieces.


Innate Abilities, Weirdness & Mutations

You have a pair of horns on your head.
You reflexively headbutt those who attack you in melee.
You have sharp toenails.
Armour fits poorly on your strangely shaped body.
You expend magic power (3 MP) to strengthen your wands.


   Skills:
 - Level 3.0 Fighting
 + Level 5.9 Ranged Weapons
 - Level 1.8 Armour
 - Level 2.1 Dodging
 - Level 0.7 Stealth


You had 3 spell levels left.
You didn't know any spells.
Your spell library was empty.

Inventory:

Hand Weapons
 Y - a +1 shortbow (weapon)
Armour
 g - a +0 ring mail (worn)
Jewellery
 f - a +6 ring of dexterity (left hand)
Potions
 b - a potion of ambrosia {unknown}
 d - a potion of heal wounds {unknown}
 e - a potion of mutation
 h - a potion of degeneration {unknown}
 i - a potion of curing

Dungeon Overview and Level Annotations

Branches:
Dungeon (3/15)              Sewer (1/1)

Altars:


Message History

You headbutt the river rat. The river rat bites you!
You shoot an arrow.
The arrow hits the river rat but does no damage.
The river rat is moderately wounded.
The river rat bites you.
A river rat comes into view.
You shoot an arrow.
The arrow hits the river rat but does no damage.
The river rat is moderately wounded.
The river rat bites you.
You shoot an arrow.
The arrow barely misses the river rat. x2
A rat comes into view.
You shoot an arrow. The arrow hits the river rat.
The river rat is almost dead.
The river rat bites you! The river rat barely misses you.
You shoot an arrow. The arrow hits the river rat.
You kill the river rat!
The river rat closely misses you. The river rat bites you.
You shoot an arrow. The arrow hits the river rat.
The river rat is lightly wounded.
The river rat closely misses you.
You shoot an arrow.
The arrow hits the river rat but does no damage.
The river rat is lightly wounded.
The river rat barely misses you. You furiously retaliate!
You headbutt the river rat. You shoot an arrow.
The arrow barely misses the river rat.
The arrow hits the rat but does no damage.
The river rat bites you.
You shoot an arrow. The arrow barely misses the river rat.
The arrow hits the rat.
The rat is severely wounded.
The river rat closely misses you.
You shoot an arrow. The arrow barely misses the river rat.
The arrow hits the rat.
You kill the rat!
The river rat bites you! x2
You shoot an arrow. The arrow barely misses the river rat.
The river rat bites you.
You die...

## ##%#
########r####
..~.~~~@%~.\#
...~..~.~.~\#
#############


You could see a river rat.

Vanquished Creatures
  Jessica (D:3)
  3 adders (D:3)
  A river rat (Sewer)
  2 dart slugs
  An orc (D:3)
  4 goblins
  4 hobgoblins
  3 jackals (D:3)
  A quokka (D:1)
  A ball python (D:1)
  2 bats
  3 kobolds
  A rat (Sewer)
27 creatures vanquished.

Notes
Turn   | Place    | Note
-------+----------+-------------------------------------------
     0 | D:1      | qw the Minotaur Hunter began the quest for the Orb.
     0 | D:1      | Reached XP level 1. HP: 18/18 MP: 0/0
     0 | D:1      | 0 ||| qw: Version: 0.2-a-122-gbc61b45
     0 | D:1      | 0 ||| qw: Game counter: 3329
     0 | D:1      | 0 ||| qw: Always use a shield: true
     0 | D:1      | 0 ||| qw: God list: Okawaru
     0 | D:1      | 0 ||| qw: Allow faded altars: false
     0 | D:1      | 0 ||| qw: Do Orc after D:15 true
     0 | D:1      | 0 ||| qw: Do second Lair branch before Depths: true
     0 | D:1      | 0 ||| qw: Lair rune preference: random
     0 | D:1      | 0 ||| qw: Plans: Normal
     0 | D:1      | 0 ||| PLANNING D:1-11
   334 | D:1      | Reached XP level 2. HP: 25/25 MP: 1/1
   338 | D:1      | Reached skill level 5 in Ranged Weapons
   417 | D:1      | Found a faded altar of an unknown god.
   533 | D:1      | 533 ||| UPGRADING to +0 ring mail.
   543 | D:1      | 543 ||| DROPPING +0 leather armour.
   544 | D:1      | 544 ||| READING scroll labelled ROABLA CUEMPO.
   586 | D:1      | 586 ||| READING scroll labelled PUJOIPIDDITHRO.
   587 | D:1      | 587 ||| DRINKING 2 pink potions.
   588 | D:1      | 588 ||| DROPPING scroll of butterflies.
   672 | D:2      | You fall into a shaft and drop 1 floor!
   673 | D:3      | 673 ||| PLANNING SEWER
   690 | D:3      | Reached skill level 1 in Armour
   690 | D:3      | Reached XP level 3. HP: 24/30 MP: 2/2
   816 | D:3      | Reached skill level 3 in Fighting
   888 | D:3      | Noticed Jessica
   890 | D:3      | Killed Jessica
   891 | D:3      | Reached XP level 4. HP: 38/38 MP: 3/3
  1025 | D:3      | Identified the +4 hand axe of the Known World {heavy,
                  | +Blink rC- rN++}
  1048 | D:3      | Found a glowing drain.
  1049 | D:3      | 1049 ||| UPGRADING to +6 ring of dexterity.
  1050 | D:3      | 1050 ||| READING scroll labelled AJUNOPHOAH.
  1051 | D:3      | 1051 ||| READING scroll labelled EMIMMINUNK.
  1052 | D:3      | 1052 ||| READING scroll labelled TIZEECHAMUL.
  1053 | D:3      | 1053 ||| DRINKING 2 dark potions.
  1053 | D:3      | Gained mutation: Armour fits poorly on your strangely
                  | shaped body. [potion of mutation]
  1053 | D:3      | Gained mutation: You expend magic power (3 MP) to
                  | strengthen your wands. [potion of mutation]
  1053 | D:3      | Gained mutation: You have sharp toenails. [potion of
                  | mutation]
  1062 | Sewer    | Entered a sewer
  1066 | Sewer    | 1066 ||| Stepping ~*~*~tactically~*~*~ (water).
  1076 | Sewer    | HP: 4/38 [river rat (7)]
  1077 | Sewer    | Slain by a river rat

Levels and vault maps discovered:
D:1:      scummos_arrival_gate, layout_loops_ring,
          hellmonk_ecumenical_altar_arch_garden, minmay_tromino_v2
D:2:      wad_crossroads, layout_loops_corners, minmay_guardbox
D:3:      layout_basic, portal_sewer_entry_d, uniq_jessica
Sewer:    sewer_co_cracked_pipes

Skill      XL: |  1  2  3 |
---------------+----------+-----
Ranged Weapons | 5 |  5.9
Armour         | 1 |  1.8
Fighting       | 3 |  3.0
Dodging        | |  2.1
Stealth        | |  0.7

Action                     |  1- 3 |  4- 6 || total
---------------------------+-------+-------++-------
   Fire: Shortbow          |    70 |    16 ||    86
    Use: Scroll            |     2 |     3 ||     5
         Potion            |     1 |     1 ||     2
 Armour: Ring mail         |     7 |     2 ||     9
         Leather armour    |     3 |       ||     3
  Dodge: Dodged            |    23 |     6 ||    29

Table legend:
 A = Non-vault XP
 B = Vault XP
 C = Vault XP percentage of total XP
 D = Non-vault monster count
 E = Vault monster count
 F = Vault count percentage of total count
                 A         B        C        D         E       F
            +---------+---------+-------+---------+---------+-------
      Total |      67 |      68 |  50.4 |      21 |       6 |  22.2
            +---------+---------+-------+---------+---------+-------
        D:1 |      17 |       4 |  19.0 |       9 |       2 |  18.2
        D:3 |      50 |      50 |  50.0 |      12 |       2 |  14.3
      Sewer |       0 |      14 | 100.0 |       0 |       2 | 100.0
            +---------+---------+-------+---------+---------+-------
